 Dungeon Crawl Stone Soup version 0.29-a0-617-g7a6b98fccd (webtiles) character file.

Game seed: 5859412588065039772

24 Kaemin the Shield-Bearer (level 2, -5/29 HPs)
             Began as a Troll Fighter on June 18, 2022.
             Killed from afar by a white imp (9 damage)
             ... with a puff of frost
             ... summoned by Natasha
             ... on level 2 of the Dungeon.
             The game lasted 00:03:02 (591 turns).

Kaemin the Shield-Bearer (Troll Fighter)             Turns: 591, Time: 00:03:03

Health: -5/29      AC:  4    Str: 23    XL:     2   Next: 79%
Magic:  1/1        EV: 10    Int:  4    God:
Gold:   23         SH:  0    Dex:  9    Spells: 1/1 levels left

rFire   . . .      SeeInvis .     - Unarmed
rCold   . . .      Faith    .   (no shield)
rNeg    . . .      Spirit   .   a - +0 robe
rPois   .          Reflect  .   (helmet restricted)
rElec   .          Harm     .   (no cloak)
rCorr   .          Rampage  .   (gloves unavailable)
Will    .....                   (boots unavailable)
Stlth   +.........              d - amulet of regeneration
HPRegen 1.69/turn               (no ring)
MPRegen 0.07/turn               (no ring)

@: slowed, very slow
A: large, unfitting armour, claws 3, regeneration 1, shaggy fur 1, tough skin 1
a: no special abilities


You were on level 2 of the Dungeon.
You visited 1 branch of the dungeon, and saw 2 of its levels.

You collected 23 gold pieces.

Inventory:

Armour
 a - a +0 robe (worn)
 b - a +0 kite shield
Jewellery
 d - an amulet of regeneration (around neck)
 m - an amulet of reflection
Scrolls
 e - 4 scrolls of identify {unknown}
 g - a scroll of amnesia {unknown}
 l - a scroll of vulnerability {unknown}
Potions
 c - a potion of might
 f - a potion of heal wounds {unknown}
 h - 2 potions of degeneration {unknown}
 i - a potion of berserk rage {unknown}
 j - a potion of flight {unknown}
 k - a potion of brilliance


   Skills:
 + Level 2.6 Fighting
 + Level 2.7 Dodging
 + Level 3.1 Shields
 + Level 2.2 Unarmed Combat


You had one spell level left.
You didn't know any spells.
Your spell library was empty.

Dungeon Overview and Level Annotations

Branches:
Dungeon (2/15)

Altars:

Annotations:
D:2 Natasha


Innate Abilities, Weirdness & Mutations

You are too large for most types of armour.
You have claws for hands.
Your natural rate of healing is unusually fast.
You are covered in fur. (AC +1)
You have tough skin. (AC +1)


Message History

Natasha claws you.
You completely miss the bat.
The bat is moderately wounded.
The bat hits you but does no damage. The bat barely misses you.
The frilled lizard barely misses you.
Natasha stares at you and mumbles some strange words.
You feel yourself slow down.
You claw the shadow imp!
You kill the shadow imp!
The shadow imp disappears in a puff of smoke!
The bat barely misses you. The bat closely misses you.
The frilled lizard barely misses you.
Natasha stares at you and mumbles some strange words.
The magic dart hits you. The bat hits you but does no damage. x2
You barely miss the white imp. The bat closely misses you.
The bat hits you but does no damage. x2; The frilled lizard closely misses you.
Natasha extends her claws.
Natasha casts a spell at you. The magic dart hits you.
The white imp barely misses you. The bat hits you but does no damage.
The frilled lizard bites you but does no damage.
Natasha closely misses you.
You closely miss the white imp. The bat barely misses you. x3
The white imp gestures at you. The puff of frost hits you!
The frilled lizard bites you but does no damage.
Natasha claws you. The white imp gestures at you. The puff of frost hits you!
* * * LOW HITPOINT WARNING * * *
You miss the bat. The bat barely misses you. The bat closely misses you.
The bat hits you.
* * * LOW HITPOINT WARNING * * *
The frilled lizard bites you.
* * * LOW HITPOINT WARNING * * *
Natasha casts a spell at you.
You struggle to resist.
The white imp gestures at you. The puff of frost hits you!
You die...

### ...# ##...# ######
.....# #....# ####.....#
#######....####...b....#
.................b....?.
..............#.@.....#
..............#5hl....#
......).......#.......#
..........)...#.......#
..............#.....###
..............#.....#
..........#####.....#
.....####.# #..(..#
..#### #.#


You could see Natasha (empowered), a white imp (summoned), 2 bats and a frilled
lizard.

Vanquished Creatures
  A ball python (D:1)
  2 endoplasms
  2 giant cockroaches
  2 goblins (D:1)
  4 hobgoblins (D:1)
  A quokka (D:2)
  A bat (D:1)
  A frilled lizard (D:1)
  5 kobolds
  A rat (D:2)
20 creatures vanquished.

Notes
Turn   | Place    | Note
-------+----------+-------------------------------------------
     0 | D:1      | Kaemin the Troll Fighter began the quest for the Orb.
     0 | D:1      | Reached XP level 1. HP: 22/22 MP: 0/0
    96 | D:1      | Reached XP level 2. HP: 29/29 MP: 1/1
   184 | D:1      | Reached skill level 3 in Shields
   578 | D:2      | Noticed Natasha
   591 | D:2      | Killed from afar by a white imp

Illustrated notes

Levels and vault maps discovered:
D:1:      dpeg_arrival_long_road, layout_basic
D:2:      layout_basic, dreamdust_ecumenical_altar_statues, basic_altar,
          uniq_natasha

Skill      XL: |  1  2 |
---------------+-------+-----
Shields        | 3 |  3.1
Fighting       | |  2.6
Dodging        | |  2.7
Unarmed Combat | |  2.2

Action                   || total
-------------------------++-------
Melee: Unarmed           ||    57
       Punch             ||     1
Armor: Robe              ||    28
Dodge: Dodged            ||    44
Block: Kite shield       ||     3

Table legend: (Time is in decaauts)
 A = Elapsed time spent in this place.
 B = Non-inter-level travel time spent in this place.
 C = Inter-level travel time spent in this place.
 D = Time resting spent in this place.
 E = Time spent auto-exploring this place.
 F = Levels seen in this place.
 G = Mean time per level.
                   A        B        C        D        E       F      G
               +--------+--------+--------+--------+--------+-----+--------+
         Total |    591 |    534 |     57 |      0 |    393 |   2 |  295.5 |
       Dungeon |    591 |    534 |     57 |      0 |    393 |   2 |  295.5 |
               +--------+--------+--------+--------+--------+-----+--------+

Top non-repeatable levels by time:
     D:1: 509 daAuts
     D:2: 81 daAuts
